 Dungeon Crawl Stone Soup version 0.25-a0-200-g5ba96148f3 (webtiles) character file.

Game seed: 13367024195918297266, levelgen mode: deterministic

22005 Lanoc the Harbinger of Death (level 12, -7/100 HPs)
             Began as a Merfolk Monk on Nov 30, 2019.
             Was a High Priest of Yredelemnul.
             Mangled by an orc knight
             ... wielding a +2 bardiche
              (33 damage)
             ... on level 15 of the Dungeon on Dec 1, 2019.
             The game lasted 00:49:55 (17375 turns).

Lanoc the Harbinger of Death (Merfolk Monk)        Turns: 17375, Time: 00:49:56

Health: -7/100     AC:  8    Str: 12    XL:     12   Next: 95%
Magic:  1/22       EV: 26    Int:  9    God:    Yredelemnul [*****.]
Gold:   1643       SH:  6    Dex: 21    Spells: 10/11 levels left

rFire    + . .     SeeInvis .   n - +7 Spriggan's Knife {stab, EV+4 Stlth+}
rCold    + . .     Gourm    .   s - +0 buckler
rNeg     + . .     Faith    .   z - +0 acid dragon scales
rPois    .         Spirit   .   (helmet restricted)
rElec    .         Reflect  .   D - scarf {rC+ rF+}
rCorr    +         Harm     .   F - +1 pair of gloves
MR       .....                  (no boots)
Stlth    ++++......             A - amulet of rage
HPRegen  0.66/turn              L - ring of resist corrosion
MPRegen  0.18/turn              a - ring of positive energy

@: no status effects
A: change form in water, swift swim, stealthy swim, horns 1, camouflage 1,
regeneration 1, wild magic 1
a: Recall Undead Slaves, Injury Mirror, Animate Dead, Drain Life, Enslave Soul,
Renounce Religion, Evoke Berserk Rage


You were on level 15 of the Dungeon.
You worshipped Yredelemnul.
Yredelemnul was extremely pleased with you.
You were not hungry.

You visited 2 branches of the dungeon, and saw 16 of its levels.
You also visited: Bailey.

You collected 1999 gold pieces.
You spent 356 gold pieces at shops.

Inventory:

Hand Weapons
 n - the +7 Spriggan's Knife (weapon) {stab, EV+4 Stlth+}
   (You found it in a bailey)

   It affects your evasion (+4).
   It makes you more stealthy.
 y - a +0 trident
 G - a +3 halberd
 J - a +0 spear of flaming
Armour
 i - a +0 crystal plate armour
 s - a +0 buckler (worn)
 x - a +0 shield
 z - +0 acid dragon scales (worn)
 D - a scarf of resistance (worn)
 F - a +1 pair of gloves (worn)
Jewellery
 a - a ring of positive energy (right hand)
 w - an uncursed ring of flight
 A - an amulet of rage (around neck)
 L - a ring of resist corrosion (left hand)
Wands
 g - a wand of flame (36)
 r - a wand of polymorph (13)
 u - a wand of paralysis (9)
 C - a wand of enslavement (25)
 N - a wand of random effects (10)
Scrolls
 d - 3 scrolls of fog
 h - 7 scrolls of identify
 j - 6 scrolls of remove curse
 k - 2 scrolls of magic mapping
 l - a scroll of fear
 m - 2 scrolls of blinking
 o - 2 scrolls of teleportation
 p - 3 scrolls of enchant weapon
 q - a scroll of summoning
 t - a scroll of amnesia
 E - a scroll of enchant armour
Potions
 b - a potion of might {unknown}
 e - a potion of heal wounds
 f - 3 potions of curing
 v - 3 potions of flight
 B - 3 potions of brilliance
 H - a potion of invisibility
 I - a potion of lignification
Miscellaneous
 K - a phantom mirror
Comestibles
 c - 12 rations


   Skills:
 + Level 11.1 Fighting
 - Level 12.0 Polearms
 + Level 12.9 Dodging
 - Level 2.1 Stealth
 - Level 4.0 Shields
 * Level 14.1 Invocations


You had 10 spell levels left.
You knew the following spells:

 Your Spells              Type           Power        Failure   Level  Hunger
a - Apportation           Tloc           #.....       61%         1    ##.....

Your spell library contained the following spells:

 Spells                   Type           Power        Failure   Level  Hunger
 Animate Skeleton         Necr           N/A          61%         1    ##.....
 Confusing Touch          Hex            #.....       61%         1    ##.....
 Summon Small Mammal      Summ           #...         61%         1    ##.....


Dungeon Overview and Level Annotations

Branches:
Dungeon (14/15)            Temple (1/1) D:4            Lair (0/6) D:9
    Orc (0/2) D:12         Vaults (0/5) D:14         Bailey (visited)

Altars:
Ashenzari
Cheibriados
Dithmenos
Elyvilon
Fedhas
Gozag
Hepliaklqana
Kikubaaqudgha
Makhleb
Nemelex Xobeh
Okawaru
Qazlal
Ru
Sif Muna
Trog
Uskayaw
Vehumet
Wu Jian
Xom
Yredelemnul
Zin
The Shining One
Beogh

Shops:
D:6 *   D:10 ?

Annotations:
D:4 Edmund, Grinder
D:6 1 runed translucent door, bmj180's ghost, novice HOFi
D:14 Azrael


Innate Abilities, Weirdness & Mutations

You revert to your normal form in water.
You are very nimble and swift while swimming.
You are very stealthy in the water. (Stealth+)
You have a pair of small horns on your head.
Your skin changes colour to match your surroundings (Stealth+).
Your natural rate of healing is unusually fast.
Your spells are a little harder to cast, but a little more powerful.


Message History

You call on the dead to rise...
The dead are walking!
You feel somewhat more hungry. The orc priest closely misses you.
The orc knight hits you with a +2 bardiche!!
You hit the orc knight.
The orc knight is severely wounded.
The orc priest invokes the aid of Beogh against you.
Beogh smites you!
* * * LOW HITPOINT WARNING * * *
Unknown command.
You hit the orc priest.
The orc priest is moderately wounded.
Your orc warrior zombie hits the orc priest with a +0 war axe!
The orc priest dies!
Yredelemnul accepts your kill. You block the orc knight's attack.
You closely miss the orc knight. You headbutt the orc knight.
The orc knight is almost dead.
The orc knight hits you with a +2 bardiche!!
You die...
Your body rises from the dead as a mindless zombie.

### . ##..##
..##....#####
.........#).##
.........o@..#
#.....).Z#.##
##.....)####
#.......#
.....##.....
..... .##.o...
.§.§ .. o...##
≈.≈ ..# .....#
.≈≈... ......#


You could see an orc knight and a friendly orc warrior zombie.

Vanquished Creatures
  Nessos (D:12)
  3 two-headed ogres
  2 unseen horrors
  An orc knight (Bailey)
  2 cyclopes
  A centaur skeleton (D:14)
  A kobold demonologist (D:12)
  2 komodo dragons (D:12)
  2 trolls
  A harpy skeleton (D:12)
  3 hippogriffs
  A slime creature (D:13)
  A shadow (D:13)
  19 yaks
  A steam dragon (D:11)
  A wraith (D:14)
  2 water moccasins
  4 black bears
  A hell hound (D:14)
  A porcupine (D:9)
  16 orc warriors
  3 ice beasts
  3 phantoms
  4 sky beasts
  7 ogres
  A wolf (D:9)
  6 centaurs
  5 crocodiles
  6 big kobolds
  10 bullfrogs
  2 wyvern zombies
  A gnoll sergeant (D:7)
  2 scorpions
  7 killer bees
  A howler monkey (D:5)
  6 crimson imps
  A centaur zombie (D:9)
  A bullfrog zombie (D:10)
  3 hounds
  2 jellies (D:13)
  10 orc wizards
  A gnoll shaman (D:5)
  4 orc priests
  5 bullfrog skeletons
  Ijyb (D:4)
  3 iguanas
  Natasha (D:4)
  11 worker ants
  A killer bee zombie (D:8)
  Robin (D:2)
  4 gnolls
  A howler monkey skeleton (D:10)
  14 adders
  4 shadow imps
  2 oozes (D:1)
  An adder skeleton (D:4)
  7 worms
  2 leopard geckos
  69 orcs
  3 ball pythons
  5 giant cockroaches
  12 goblins
  4 hobgoblins
  13 jackals
  24 kobolds
  4 quokkas
  4 frilled lizards
  4 rats
  A spectral orc (D:3)
353 creatures vanquished.

Vanquished Creatures (collateral kills)
  A hydra (D:13)
  A centaur warrior (D:13)
  An unseen horror (D:11)
  2 cyclopes
  2 ugly things (D:11)
  2 slime creatures (D:13)
  2 hippogriffs (D:13)
  A meliai zombie (D:12)
  8 yaks
  A fire elemental (D:14)
  2 hungry ghosts
  An acid dragon (D:12)
  A porcupine (D:9)
  3 orc warriors
  A wolf (D:9)
  4 ogres
  A centaur (D:10)
  2 bullfrogs
  8 killer bees
  3 wights (D:11)
  A crimson imp (D:13)
  A quasit (D:9)
  2 hounds
  An orc priest (D:15)
  2 iguanas
  3 worker ants
  A hound skeleton (D:11)
  A worker ant zombie (D:11)
  2 gnolls (D:5)
  An adder (D:6)
  5 orcs
  3 kobolds (D:12)
70 creatures vanquished.

Vanquished Creatures (others)
  A spectral elf (D:12)
  5 flying skulls
  A spectral troll (D:11)
  A hippogriff zombie (D:14)
  A komodo dragon skeleton (D:12)
  A cyclops zombie (D:11)
  A water moccasin zombie (D:6)
  A troll zombie (D:13)
  5 yak zombies
  4 wights
  2 yak skeletons
  2 bullfrog zombies
  2 centaur skeletons
  A bullfrog skeleton (D:12)
  2 killer bee zombies
  A sky beast zombie (D:8)
  3 ogre zombies
  A big kobold zombie (D:12)
  An ogre skeleton (D:10)
  A hound zombie (D:6)
  A mummy (D:10)
  3 worker ant zombies
  A steam dragon zombie (D:11)
  2 adder zombies (D:6)
  An adder skeleton (D:7)
  An orc (D:5)
  2 jackal zombies
  8 kobold zombies
  4 orc skeletons
  21 orc zombies
81 creatures vanquished.

Grand Total: 504 creatures vanquished

Notes
Turn   | Place    | Note
-------+----------+-------------------------------------------
     0 | D:1      | Lanoc the Merfolk Monk began the quest for the Orb.
     0 | D:1      | Reached XP level 1. HP: 18/18 MP: 1/1
   243 | D:1      | Reached XP level 2. HP: 23/24 MP: 2/2
   331 | D:1      | Reached skill level 5 in Polearms
   655 | D:2      | Reached XP level 3. HP: 26/29 MP: 3/3
   659 | D:2      | Noticed Robin
  1046 | D:2      | Killed Robin
  1046 | D:2      | Reached XP level 4. HP: 22/37 MP: 4/4
  1144 | D:2      | Found a radiant altar of Vehumet.
  1951 | D:3      | Found a basalt altar of Yredelemnul.
  1960 | D:3      | Became a worshipper of Yredelemnul the Dark
  1960 | D:3      | Reached * piety under Yredelemnul
  1960 | D:3      | Reached ** piety under Yredelemnul
  2413 | D:3      | Found a hazy altar of Hepliaklqana.
  2730 | D:3      | Reached skill level 1 in Invocations
  2730 | D:3      | Reached XP level 5. HP: 12/42 MP: 3/5
  2979 | D:4      | Reached skill level 5 in Dodging
  3266 | D:4      | Found a staircase to the Ecumenical Temple.
  3272 | Temple   | Entered the Ecumenical Temple
  3370 | D:4      | Noticed Ijyb
  3385 | D:4      | Killed Ijyb
  3385 | D:4      | Reached skill level 1 in Shields
  3387 | D:4      | Reached skill level 2 in Invocations
  3480 | D:4      | Noticed Edmund
  3486 | D:4      | Gained mutation: You are resistant to hostile enchantments.
                  | (MR+) [potion of mutation]
  3486 | D:4      | Gained mutation: Your body sometimes deteriorates upon
                  | taking damage. [potion of mutation]
  3486 | D:4      | Gained mutation: You are partially covered in iridescent
                  | scales. (AC +2) [potion of mutation]
  3530 | D:4      | Reached XP level 6. HP: 6/48 MP: 7/7
  4254 | D:4      | Found a burning altar of Makhleb.
  4386 | D:4      | Noticed Natasha
  4397 | D:4      | Killed Natasha
  4444 | D:4      | Found a sparkling altar of Nemelex Xobeh.
  4512 | D:4      | Noticed Grinder
  4531 | D:5      | Entered Level 5 of the Dungeon
  4610 | D:5      | Reached skill level 3 in Invocations
  4662 | D:5      | Reached XP level 7. HP: 19/55 MP: 9/9
  4978 | D:5      | Reached *** piety under Yredelemnul
  5762 | D:5      | Reached skill level 4 in Invocations
  5842 | D:5      | Reached skill level 5 in Fighting
  5842 | D:5      | Reached XP level 8. HP: 53/62 MP: 11/11
  6047 | D:6      | Found an opulent altar of Gozag.
  6058 | D:6      | Found Gozag's Platinum Reserve.
  6194 | D:6      | Found a sacrificial altar of Ru.
  6344 | D:6      | Reached skill level 5 in Invocations
  6400 | D:6      | Found a runed translucent door.
  6407 | D:6      | Noticed bmj180's ghost (novice HOFi)
  6491 | D:6      | HP: 4/93 [orc warrior/+0 battleaxe (10)]
  6786 | D:6      | Found a runed translucent door.
  6992 | D:7      | Reached **** piety under Yredelemnul
  7116 | D:7      | Reached XP level 9. HP: 42/69 MP: 11/13
  7137 | D:7      | Reached skill level 10 in Polearms
  7137 | D:7      | Reached skill level 6 in Invocations
  7465 | D:7      | HP: 3/69 [killer bee (7)]
  7918 | D:8      | Found a snail-covered altar of Cheibriados.
  7967 | D:8      | Received a gift from Yredelemnul (a wight)
  8006 | D:8      | Found an iron altar of Okawaru.
  8442 | D:8      | Noticed a two-headed ogre
  8503 | D:7      | Killed a two-headed ogre
  8503 | D:7      | Reached skill level 7 in Invocations
  8714 | D:8      | You fall into a shaft and drop 3 floors!
  8736 | D:11     | Killed an unseen horror
  8762 | D:10     | Entered Level 10 of the Dungeon
  8772 | D:10     | Reached XP level 10. HP: 39/77 MP: 6/15
  8772 | D:10     | Received a gift from Yredelemnul (a mummy)
  8986 | D:10     | Reached skill level 8 in Invocations
  9132 | D:10     | Found Yvuehuil's Magic Scroll Shop.
  9142 | D:10     | Bought a scroll of blinking for 97 gold pieces
  9142 | D:10     | Bought a scroll of teleportation for 39 gold pieces
  9142 | D:10     | Bought a scroll of blinking for 97 gold pieces
  9142 | D:10     | Bought a scroll of summoning for 123 gold pieces
  9906 | D:9      | Reached skill level 9 in Invocations
  9964 | D:9      | Found a staircase to the Lair.
 10505 | D:9      | Learned a level 1 spell: Apportation
 10598 | D:9      | Found a burning altar of Makhleb.
 10600 | D:9      | Found a shimmering altar of Xom.
 10600 | D:9      | Found a glowing silver altar of Zin.
 10602 | D:9      | Found a white marble altar of Elyvilon.
 10602 | D:9      | Found a glowing silver altar of Zin.
 10602 | D:9      | Found a blossoming altar of Fedhas.
 10649 | D:9      | Reached ***** piety under Yredelemnul
 11463 | D:9      | Received a gift from Yredelemnul (a mummy)
 11823 | D:11     | Reached skill level 10 in Invocations
 11878 | D:11     | Reached XP level 11. HP: 59/87 MP: 18/18
 11904 | D:11     | Noticed a cyclops
 11922 | D:11     | Killed a cyclops
 11922 | D:11     | Reached skill level 10 in Dodging
 11934 | D:11     | Noticed a brown ugly thing
 11946 | D:11     | Killed a brown ugly thing
 12075 | D:11     | Killed an unseen horror
 12076 | D:11     | Received a gift from Yredelemnul (a wight)
 12438 | D:11     | Noticed a two-headed ogre
 12460 | D:11     | Killed a two-headed ogre
 12495 | D:11     | Killed a cyclops
 12495 | D:11     | Reached skill level 11 in Invocations
 12984 | D:12     | Noticed a red ugly thing
 13012 | D:11     | Killed a red ugly thing
 13859 | D:12     | Found a roughly hewn altar of Beogh.
 13859 | D:12     | Found a staircase to the Orcish Mines.
 13859 | D:12     | Noticed an orc knight
 14114 | D:12     | Reached skill level 12 in Invocations
 14114 | D:12     | Received a gift from Yredelemnul (a wight)
 14874 | D:12     | Lost mutation: You are partially covered in iridescent
                  | scales. (AC +2) [potion of mutation]
 14874 | D:12     | Lost mutation: Your body sometimes deteriorates upon taking
                  | damage. [potion of mutation]
 14874 | D:12     | Lost mutation: You are resistant to hostile enchantments.
                  | (MR+) [potion of mutation]
 14874 | D:12     | Gained mutation: Your spells are a little harder to cast,
                  | but a little more powerful. [potion of mutation]
 14874 | D:12     | Gained mutation: Your skin changes colour to match your
                  | surroundings (Stealth+). [potion of mutation]
 14874 | D:12     | Gained mutation: Your natural rate of healing is unusually
                  | fast. [potion of mutation]
 14874 | D:12     | Gained mutation: You have a pair of small horns on your
                  | head. [potion of mutation]
 14937 | D:12     | Noticed Nessos
 15102 | D:12     | Killed Nessos
 15102 | D:12     | Reached XP level 12. HP: 75/97 MP: 15/21
 15104 | D:12     | Reached skill level 10 in Fighting
 15358 | D:12     | Noticed Fannar
 15378 | D:12     | Killed Fannar
 15378 | D:12     | Enslaved Fannar
 15421 | D:12     | Your ally Nessos died
 15604 | D:12     | Your ally Fannar died
 15850 | D:13     | Reached skill level 13 in Invocations
 15906 | D:13     | Received a gift from Yredelemnul (a wight)
 15911 | D:13     | Found a flagged portal.
 15932 | Bailey   | Entered a bailey
 16269 | Bailey   | Found the +7 Spriggan's Knife {stab, EV+4 Stlth+}
 16396 | D:13     | Noticed an eight-headed hydra
 16430 | D:13     | Killed an eight-headed hydra
 16431 | D:13     | Received a gift from Yredelemnul (5 flying skulls)
 16682 | D:13     | Noticed a two-headed ogre
 16684 | D:13     | Noticed a centaur warrior
 16694 | D:13     | Killed a two-headed ogre
 16696 | D:13     | Killed a centaur warrior
 16940 | D:14     | Reached skill level 14 in Invocations
 16974 | D:14     | Noticed Azrael
 17002 | D:14     | Upgraded the game from 0.25-a0-194-gece12570e2 to
                  | 0.25-a0-200-g5ba96148f3
 17076 | D:14     | Noticed a yaktaur captain
 17259 | D:14     | Found a gate to the Vaults.
 17339 | D:14     | You fall into a shaft and drop 1 floor!
 17339 | D:15     | Entered Level 15 of the Dungeon
 17375 | D:15     | Mangled by an orc knight

Levels and vault maps discovered:
D:1:      grunt_arrival_lava_bath, layout_basic
D:2:      layout_loops_ring, lemuel_round_altar, uniq_robin
D:3:      layout_loops_corners, yredelemnul_forgotten_temple_becter,
          lemuel_coloured_pillars_altar
D:4:      layout_loops_corners, overflow_temple_1_default,
          makhleb_blood_cavern_becter, minmay_temple_entry_trees, first_ration,
          uniq_ijyb, uniq_grinder, uniq_natasha, uniq_edmund
D:5:      layout_gridville
D:6:      layout_basic, nicolae_ru_the_path_less_chosen,
          nicolae_gozag_zags_fifth_avenue, ebering_ghost_sewer_f
D:7:      layout_rooms
D:8:      layout_basic, okawaru_trees_2, kennysheep_mini_moat
D:9:      layout_grid_maze, doesnt_xom_only_xom, minmay_lair_entry_grove
D:10:     layout_loops_ring, serial_shops, shop_statue, chequers_arboretum
D:11:     layout_basic
D:12:     layout_loops_corners, david_orc_5, uniq_fannar, uniq_nessos
D:13:     layout_rooms, enter_bailey_3
D:14:     layout_cave_pods, david_vaults_2, small_statue_alley_a, uniq_azrael,
          uniq_roxanne
D:15:     grunt_enter_depths_giant_problem, layout_cave_pools,
          cheibriados_altar_1, uniq_louise
Temple:   nicolae_temple_no_exploring_needed

Skill      XL: |  1  2  3  4  5  6  7  8  9 10 11 12 |
---------------+-------------------------------------+-----
Polearms       | 5 6 7 8 9 11 12 | 12.0
Fighting       | 4 5 6 8 9 11 | 11.1
Invocations    | 1 2 3 4 5 7 10 12 14 | 14.1
Dodging        | 5 6 8 9 11 12 | 12.9
Shields        | 1 2 3 4 |  4.0
Stealth        | |  2.1

Action                   |  1- 3 |  4- 6 |  7- 9 | 10-12 || total
-------------------------+-------+-------+-------+-------++-------
Melee: Spear             |   126 |   434 |   378 |  1552 ||  2490
       Trident           |       |       |   235 |       ||   235
       Headbutt          |       |       |       |   146 ||   146
       Knife             |       |       |       |   141 ||   141
       Tailslap          |       |       |       |    15 ||    15
 Fire: Hunting sling     |       |     4 |     3 |       ||     7
Invok: Animate Remains   |       |     1 |       |       ||     1
       Animate Dead      |       |       |    22 |    43 ||    65
       Drain Life        |       |       |     3 |     8 ||    11
       Enslave Soul      |       |       |       |     6 ||     6
 Abil: Evoke Berserk Rag |       |       |       |     6 ||     6
Evoke: Wand              |       |     5 |    22 |    16 ||    43
  Use: Potion            |       |     9 |     8 |     3 ||    20
       Scroll            |       |     4 |     9 |     7 ||    20
 Stab: Sleeping          |     5 |    10 |     9 |    28 ||    52
       Invisible         |       |     6 |     9 |       ||    15
       Paralysed         |       |    14 |     6 |    17 ||    37
       Distracted        |       |       |     4 |     9 ||    13
  Eat: Chunk             |       |     5 |    11 |    42 ||    58
       Ration            |       |     2 |     3 |     4 ||     9
Armor: Robe              |     9 |       |       |       ||     9
       Animal skin       |       |    49 |    76 |    66 ||   191
       Skin              |       |       |     5 |       ||     5
       Acid dragon scale |       |       |       |    38 ||    38
Dodge: Dodged            |    66 |   216 |   399 |   766 ||  1447
Block: Buckler           |       |    37 |   136 |   242 ||   415

Table legend:
 A = Non-vault XP
 B = Vault XP
 C = Vault XP percentage of total XP
 D = Non-vault monster count
 E = Vault monster count
 F = Vault count percentage of total count
                 A         B        C        D         E       F
            +---------+---------+-------+---------+---------+-------
      Total |   26037 |    5399 |  17.2 |     346 |      77 |  18.2
            +---------+---------+-------+---------+---------+-------
        D:1 |      28 |       6 |  17.6 |      11 |       3 |  21.4
        D:2 |      21 |      29 |  58.0 |       6 |       8 |  57.1
        D:3 |      91 |       1 |   1.1 |      17 |       1 |   5.6
        D:4 |     256 |     118 |  31.6 |      21 |       3 |  12.5
        D:5 |     740 |       0 |   0.0 |      25 |       0 |   0.0
        D:6 |     684 |     157 |  18.7 |      20 |       5 |  20.0
        D:7 |    1661 |       0 |   0.0 |      22 |       0 |   0.0
        D:8 |     944 |       0 |   0.0 |      29 |       0 |   0.0
        D:9 |     674 |    1184 |  63.7 |      13 |      12 |  48.0
       D:10 |    1663 |       0 |   0.0 |      28 |       0 |   0.0
       D:11 |    5338 |     222 |   4.0 |      47 |       2 |   4.1
       D:12 |    4916 |    1715 |  25.9 |      49 |      21 |  30.0
       D:13 |    7091 |       8 |   0.1 |      44 |       4 |   8.3
       D:14 |    1387 |     271 |  16.3 |       8 |       2 |  20.0
       D:15 |     543 |       0 |   0.0 |       6 |       0 |   0.0
     Bailey |       0 |    1688 | 100.0 |       0 |      16 | 100.0
            +---------+---------+-------+---------+---------+-------
